Unix NetHack Version 3.7.0-62 Work-in-progress - last build Sep 11 2022 12:50:24 (50a4e0875b74f16bdbec0d79e29a59bb940978ed,branch:master). Game began 2022-09-14 12:05:56, ended 2022-09-14 12:39:16. NetSysFire, chaotic female human Priestess --- -- --.-- -.| ---...| --- ----------..| |....- ---.---..GG@a....- ----....--- --.....G.-----....| |...).h)[.| |..|...--- --...| |)...--...-- --.------ ---- |..-- --...||....---..| ---..---..| -.-..----.h....-- |.....|..-| ....... ---..--- |...>.....| G -..... -..........||..-- |...<....-- -...................--.------ --...).--- G |...........................| ---...| ---............|.------.....| --..| ---.........---- |.....| --)---- -- -........ ---...| --.......-- ---.|.... -.-- |.........| ----.| -- |.........| -- -------.--- -- NetSysFire the Adept St:14 Dx:12 Co:15 In:12 Wi:17 Ch:11 Chaotic S:6232 Dlvl:4 $:0 HP:0(61) Pw:58(141) AC:6 Exp:8 T:8304 Hungry Blind Deaf Conf Latest messages: f - an uncursed sprig of wolfsbane (2 in total). In what direction? . You feel better. You hear crashing rock. You are momentarily blinded by a flash of light! You hear a deafening roar! A soldier ant suddenly appears next to you! A gnome suddenly appears close by! A gnome suddenly appears close by! A gnome suddenly appears next to you! You hit the soldier ant. The gnome hits! The soldier ant bites! The soldier ant stings! You hit the soldier ant. The gnome is hit. The gnome hits! The soldier ant bites! The soldier ant stings! You feel hungry. In what direction? . You feel better. The soldier ant bites! The soldier ant stings! The soldier ant bites! The soldier ant misses! In what direction? . You feel better. The gnome hits! The soldier ant just misses! The soldier ant stings! The soldier ant bites! The soldier ant stings! In what direction? . You feel better. The gnome hits! The soldier ant bites! The soldier ant stings! The soldier ant bites! The soldier ant stings! What do you want to drink? [wxyC or ?*] y Ooph! This tastes like liquid fire! Call a fizzy potion: booze The soldier ant bites! You die... Do you want your possessions identified? [ynq] (y) y Do you want to see your attributes? [ynq] (y) y Do you want an account of creatures vanquished? [ynaq] (y) y Do you want to see your conduct and achievements? [ynq] (y) y Do you want to see the dungeon overview? [ynq] (y) y Inventory: Amulets U - a blessed amulet versus poison (being worn) Weapons a - a blessed corroded +4 mace (weapon in hand) Armor r - an uncursed +0 pair of elven boots (being worn) c - an uncursed +0 small shield (being worn) b - an uncursed +0 robe (being worn) Comestibles s - an uncursed carrot Q - an uncursed cram ration f - 2 uncursed sprigs of wolfsbane z - an uncursed tripe ration Potions w - a cursed potion of acid x - an uncursed potion of gain ability C - a cursed potion of gain ability Tools j - an empty cursed bag of holding p - an uncursed lock pick t - an uncursed mirror Gems/Stones B - an uncursed worthless piece of violet glass A - an uncursed worthless piece of yellow glass J - a blessed luckstone NetSysFire the Priestess's attributes: Background: You were an Adept, a level 8 human Priestess. You were chaotic, nominally on a mission for Anhur who was opposed by Ptah (lawful) and Thoth (neutral). You were in the Gnomish Mines, on level 4. You entered the dungeon 8304 turns ago. You had 1768 experience points, 792 more were needed to attain level 9. Your score was 6232 before end-of-game adjustments. Basics: You had 0 out of 61 hit points. You had 58 out of 141 energy points (spell power). Your armor class was 6. Your wallet was empty. Autopickup was off. Final Characteristics: Your strength was 14 (limit:18/100). Your dexterity was 12 (limit:18). Your constitution was 15 (limit:18). Your intelligence was 12 (limit:18). Your wisdom was 17 (peak:18, limit:18). Your charisma was 11 (limit:18). Final Status: You were confused. You were temporarily blind. You were deaf. You were hungry. You were unencumbered. You were wielding a mace. You were skilled in mace. Final Attributes: You were piously aligned. You were poison resistant. You were telepathic. You were stealthy. You could teleport. You were guarded. You were lucky. You had extra luck. Good luck did not time out for you. You are dead. Miscellaneous: You never encountered a bones level. Total elapsed playing time was 33 minutes and 19 seconds. Major events: Turn 1: NetSysFire the chaotic human Priestess entered the dungeon 817: attained the rank of Acolyte (level 3) 3624: entered the Gnomish Mines 3629: attained the rank of Adept (level 6) 8304: killed by a soldier ant Vanquished creatures: 5 leprechauns a dog a blue jelly a dust vortex a human zombie 2 mountain nymphs an orc shaman a rock piercer 2 ponies a yellow light a shrieker 2 violet fungi 6 gnome leaders a gray ooze 3 elf zombies 4 little dogs 4 floating eyes 2 kittens 2 dwarves a homunculus a kobold leader a kobold shaman 6 hill orcs 5 rothes 4 giant bats a monkey 5 orc zombies a dwarf zombie a wererat 8 iguanas 7 acid blobs 4 coyotes 2 gas spores 6 hobbits 16 manes 13 giant rats 2 cave spiders 2 brown molds 5 yellow molds 2 green molds 2 red molds 16 gnomes 3 gnome zombies 6 geckos 13 jackals 4 foxes a kobold 4 goblins 8 sewer rats 11 grid bugs 9 bats 12 lichens 2 kobold zombies 17 newts 242 creatures vanquished. No species were genocided or became extinct. Voluntary challenges: You were an atheist. You read items or engraved 13 times. You never engraved Elbereth. You never genocided any monsters. You never polymorphed an object. You never changed form. You used no wishes. Achievements: You attained the rank of Acolyte. You entered the Gnomish Mines. You attained the rank of Adept. You entered a shop. The Dungeons of Doom: levels 1 to 5 Level 1: Level 2: A general store. Stairs down to The Gnomish Mines. Level 3: Level 4: A general store. Level 5: The Gnomish Mines: levels 3 to 4 Level 3: Level 4: <- You were here. Final resting place for you, killed by a soldier ant. Game over: ---------- / \ / REST \ / IN \ / PEACE \ / \ | NetSysFire | | 0 Au | | killed by a | | soldier ant | | | | | | 2022 | *| * * * | * _________)/\\_//(\/(/\)/\//\/|_)_______ Goodbye NetSysFire the Priestess... You died in The Gnomish Mines on dungeon level 4 with 6232 points, and 0 pieces of gold, after 8304 moves. You were level 8 with a maximum of 61 hit points when you died.